 Dungeon Crawl Stone Soup version 0.28-a0-401-ge240ad9e29 (webtiles) character file.

Game seed: 12570928898499829838

105 zdrol the Covered (level 4, 0/61 HPs)
             Began as a Minotaur Fighter on Sept 4, 2021.
             Succumbed to silentkaos13's ghost's sting
             ... on level 3 of the Dungeon.
             The game lasted 00:08:49 (2293 turns).

zdrol the Covered (Minotaur Fighter)                Turns: 2293, Time: 00:08:50

Health: 0/61       AC: 18    Str: 22    XL:     4   Next: 53%
Magic:  3/3        EV:  2    Int:  5    God:
Gold:   71         SH:  4    Dex:  9    Spells: 3/3 levels left

rFire   . . .      SeeInvis .   a - +0 flail
rCold   . . .      Faith    .   c - +0 buckler
rNeg    + + +      Spirit   .   (armour currently unavailable)
rPois   +          Reflect  .   (helmet currently unavailable)
rElec   .          Harm     .   (cloak currently unavailable)
rCorr   .          Rampage  .   (gloves currently unavailable)
Will    .....      NoTele   +   (boots currently unavailable)
Stlth   +.........              (no amulet)
HPRegen 0.20/turn               (no ring)
MPRegen 0.08/turn               (no ring)

@: lethally poisoned (0 -> -6), tree-form, corroded
A: stationary, stasis, torment immunity, boosted hp, (horns 2), (retaliatory
headbutt)
a: no special abilities


You were on level 3 of the Dungeon.
You were a tree.
You visited 1 branch of the dungeon, and saw 3 of its levels.

You collected 71 gold pieces.

Inventory:

Hand Weapons
 a - a +0 flail (weapon)
Armour
 c - a +0 buckler (worn)
 h - a +0 plate armour (melded)
 n - a +0 cloak (melded)
Scrolls
 b - a scroll of identify
 f - a scroll of torment {unknown}
 i - a scroll of noise {unknown}
 j - a scroll of silence {unknown}
 m - a scroll of acquirement {unknown}
 o - a scroll of immolation {unknown}
Potions
 d - a potion of might
 e - a potion of heal wounds {unknown}
 g - a potion of lignification
 k - 3 potions of curing {unknown}
 l - 2 potions of invisibility {unknown}


   Skills:
 + Level 4.4 Fighting
 + Level 3.2 Maces & Flails
 + Level 4.8 Armour
 + Level 0.4 Dodging
 + Level 4.4 Shields


You had 3 spell levels left.
You didn't know any spells.
Your spell library was empty.

Dungeon Overview and Level Annotations

Branches:
Dungeon (3/15)

Altars:
Gozag

Annotations:
D:3 silentkaos13's ghost, weakling DsWn


Innate Abilities, Weirdness & Mutations

You are a tree.
Your roots penetrate the ground, keeping you stationary.
You cannot be teleported.
You are immune to unholy pain and torment.
Your maximum health is greatly increased.
Your equipment is partially melded.
((You have a pair of horns on your head.))
((You reflexively headbutt those who attack you in melee.))


Message History

The sting misses you. The hound bites you but does no damage.
You hit silentkaos13's ghost.
Silentkaos13's ghost is severely damaged.
You feel sick. The hound bites you. The jelly hits you but does no damage.
Silentkaos13's ghost points at you and mumbles some strange words.
The sting hits you.
You are more poisoned.
* * * LOW HITPOINT WARNING * * *
The hound barely misses you. You furiously retaliate!
You headbutt the hound. The jelly hits you but does no damage.
Really quaff the potion of lignification?
Okay, then.
Really quaff the potion of lignification?
Uppercase [Y]es or [N]o only, please.
Really quaff the potion of lignification?
You turn into a tree.
Your +0 cloak melds into your body.
Your +0 plate armour melds into your body.
Your roots penetrate the ground.
You feel sick. The hound bites you but does no damage.
Silentkaos13's ghost says, "It's nice to have friends."
You block silentkaos13's ghost's attack.
The jelly hits you but does no damage. The hound bites you but does no damage.
You thump silentkaos13's ghost!
Silentkaos13's ghost is almost destroyed.
You feel sick.
Silentkaos13's ghost points at you and mumbles some strange words.
The sting hits you but does no damage.
You are more poisoned.
The hound bites you.
* * * LOW HITPOINT WARNING * * *
The jelly hits you.
* * * LOW HITPOINT WARNING * * *
The acid corrodes you!
You are splashed with acid.
* * * LOW HITPOINT WARNING * * *
Silentkaos13's ghost casts a spell at you.
The sting hits you but does no damage.
You are more poisoned.
You hit silentkaos13's ghost.
Silentkaos13's ghost is almost destroyed.
You die...

>. ... ######### ....
#.......#
.....##.......#####
##...........).....#
#............hJ....###
#............♣W......#
#[............##'''###
#.........#####..$..##
#.........# #.$$_[$.#
####.........#
#8$.8.$8#
..†'.....#####
#...$.$.# ####......#
##∩8∩8.## ####...#
####### #...#


You could see a hound, a jelly and silentkaos13's ghost.

Vanquished Creatures
  2 adders (D:2)
  2 worms (D:2)
  A dart slug (D:2)
  11 ball pythons
  7 endoplasms
  3 giant cockroaches
  9 goblins
  7 hobgoblins
  8 jackals
  4 kobolds
  3 quokkas
  4 bats
  4 frilled lizards
  4 rats
69 creatures vanquished.

Vanquished Creatures (others)
  A fungus (D:3)
1 creature vanquished.

Grand Total: 70 creatures vanquished

Notes
Turn   | Place    | Note
-------+----------+-------------------------------------------
     0 | D:1      | zdrol the Minotaur Fighter began the quest for the Orb.
     0 | D:1      | Reached XP level 1. HP: 19/19 MP: 0/0
   134 | D:1      | Reached XP level 2. HP: 22/27 MP: 1/1
   621 | D:1      | Reached XP level 3. HP: 31/33 MP: 2/2
  1473 | D:2      | Found a faded altar of an unknown god.
  1570 | D:2      | Reached XP level 4. HP: 27/40 MP: 3/3
  2253 | D:3      | Found a runed translucent gate.
  2259 | D:3      | Found a runed translucent gate.
  2259 | D:3      | Found an opulent altar of Gozag.
  2260 | D:3      | Found a runed translucent gate.
  2274 | D:3      | Noticed silentkaos13's ghost (weakling DsWn)
  2292 | D:3      | HP: 1/61 [acid (6)]
  2293 | D:3      | Succumbed to silentkaos13's ghost's sting

Illustrated notes

Levels and vault maps discovered:
D:1:      lemuel_arrival_behind_the_door_large, layout_loops_corners
D:2:      layout_basic, hellmonk_ecumenical_altar_inner_sanctum,
          grunt_ministairs_6
D:3:      layout_basic, elyvilon_altar_1, ebering_ghost_gozag,
          uniq_crazy_yiuf_cottage, uniq_natasha

Skill      XL: |  1  2  3 |
---------------+----------+-----
Shields        | 4 |  4.4
Armour         | 4 |  4.8
Fighting       | 4 |  4.4
Maces & Flails | 3 |  3.2
Dodging        | |  0.4

Action                   |  1- 3 |  4- 6 || total
-------------------------+-------+-------++-------
Melee: Flail             |   130 |    69 ||   199
       Headbutt          |    14 |     8 ||    22
  Use: Scroll            |     1 |       ||     1
       Potion            |       |     1 ||     1
Armor: Scale mail        |    32 |       ||    32
       Plate armour      |    54 |    51 ||   105
       Skin              |       |     5 ||     5
Dodge: Dodged            |    65 |    30 ||    95
Block: Buckler           |    30 |    17 ||    47

Table legend: (Time is in decaauts)
 A = Elapsed time spent in this place.
 B = Non-inter-level travel time spent in this place.
 C = Inter-level travel time spent in this place.
 D = Time resting spent in this place.
 E = Time spent auto-exploring this place.
 F = Levels seen in this place.
 G = Mean time per level.
                   A        B        C        D        E       F      G
               +--------+--------+--------+--------+--------+-----+--------+
         Total |   2347 |   2347 |      0 |      0 |   1113 |   3 |  782.3 |
       Dungeon |   2347 |   2347 |      0 |      0 |   1113 |   3 |  782.3 |
               +--------+--------+--------+--------+--------+-----+--------+

Top non-repeatable levels by time:
     D:1: 1306 daAuts
     D:2: 835 daAuts
     D:3: 205 daAuts
